 Dungeon Crawl Stone Soup version 0.31-a0-1161-g593ecc88b7 (webtiles) character file.

Game seed: 2444260138084371053

119339 Dirtsage the Bringer of Light (level 16, 0/139 HPs)
             Began as an Octopode Shapeshifter on Dec 8, 2023.
             Was the Champion of the Shining One.
             Killed from afar by a will-o-the-wisp (12 damage)
             ... with a foxfire
             ... on level 3 of the Swamp.
             The game lasted 01:17:24 (21533 turns).

Dirtsage the Bringer of Light (OpSh)               Turns: 21533, Time: 01:17:24

Health: 0/139      AC: 11    Str: 20    XL:     16   Next: 79%
Magic:  26/26      EV: 22    Int: 20    God:    the Shining One [******]
Gold:   1345       SH:  0    Dex: 18    Spells: 15/15 levels left

rFire   + . .        a - melded +12 sling "Kaivuy" {flame, rPois rF+ rCorr}
rCold   + . .        (shield currently unavailable)
rNeg    + + +        (helmet currently unavailable)
rPois   +            f - amulet of regeneration
rElec   +            T - ring of protection from cold
rCorr   +            k - +5 ring of evasion
SInv    +            C - ring of resist corrosion
Will    +++..        U - ring of fire
Stlth   +            I - ring of protection from cold
HPRegen 1.23/turn    F - ring "Monnytag" {rElec Int+6}
MPRegen 0.20/turn    V - ring "Pizal" {Will+ Str+2}
                     S - ring of willpower

%: no passive effects
@: snake-form, glowing
A: constrict, boosted hp, almost no armour, amphibious, 8 rings, large,
(camouflage 1), (gelatinous body 1), (nimble swimmer 1), (tentacles), see
invisible, mutation resistance 1
a: Begin Untransformation, Renounce Religion, Divine Shield, Cleansing Flame,
Summon Divine Warrior, Brand Weapon With Holy Wrath


You were on level 3 of the Swamp.
You worshipped the Shining One.
The Shining One was exalted by your worship.
You were an enormous serpent.
You visited 5 branches of the dungeon, and saw 26 of its levels.
You also visited: Bailey.

You collected 4140 gold pieces.
You spent 2795 gold pieces at shops.

Inventory:

Hand Weapons
 a - the +12 sling "Kaivuy" (melded) {flame, rPois rF+ rCorr}
   (You found it on level 2 of the Dungeon)

   rF+:       It protects you from fire.
   rPois:     It protects you from poison rCorr: It protects you from acid and
   corrosion.
Missiles
 E - 25 curare-tipped darts
Armour
 P - a +0 hat of willpower
Magical Staves
 J - a staff of poison
Jewellery
 f - an amulet of regeneration (around neck)
 j - an amulet of reflection
 k - a +5 ring of evasion (right tentacle)
 A - a ring of flight
 C - a ring of resist corrosion (on tentacle)
 F - the ring "Monnytag" (on tentacle) {rElec Int+6}
   (You found it on level 9 of the Dungeon)

   [ring of intelligence]

   Int+6:     It affects your intelligence (+6).
   rElec:     It insulates you from electricity.
 I - a ring of protection from cold (on tentacle)
 K - the ring of Faxoich {Contam rPois rN+ Int+8 Dex-3}
   (You found it on level 5 of the Lair of Beasts)

   [ring of positive energy]

   Int+8:     It affects your intelligence (+8).
   Dex-3:     It affects your dexterity (-3).
   rPois:     It protects you from poison rN+: It protects you from negative
   energy.
   Contam:    It causes magical contamination when unequipped.
 M - a ring of magical power
 S - a ring of willpower (on tentacle)
 T - a ring of protection from cold (left tentacle)
 U - a ring of fire (on tentacle)
 V - the ring "Pizal" (on tentacle) {Will+ Str+2}
   (You bought it in a shop on level 2 of the Orcish Mines)

   [ring of willpower]

   Str+2:     It affects your strength (+2).
   Will+:     It increases your willpower.
 W - a ring of wizardry
Talismans
 y - a serpent talisman (active)
Wands
 u - a wand of flame (23) (quivered)
 G - a wand of mindburst (31)
 Q - a wand of iceblast (10)
 Z - a wand of quicksilver (13)
Scrolls
 b - a scroll of summoning
 c - 4 scrolls of amnesia
 e - 3 scrolls of fog
 g - a scroll of fear
 i - a scroll of identify
 p - 3 scrolls of vulnerability
 r - 5 scrolls of revelation
 t - 11 scrolls of teleportation
 B - 3 scrolls of blinking
 H - 4 scrolls of immolation
 N - a scroll of noise {unknown}
 O - 2 scrolls of enchant weapon
 Y - a scroll of torment {unknown}
Potions
 d - 3 potions of might
 h - 2 potions of haste
 m - 3 potions of lignification
 n - 3 potions of resistance
 o - a potion of attraction
 q - 5 potions of curing
 s - 3 potions of mutation
 v - 4 potions of brilliance
 w - a potion of cancellation
 x - a potion of ambrosia
 z - a potion of magic {unknown}
 D - 2 potions of invisibility
 R - 2 potions of enlightenment
Miscellaneous
 L - a phial of floods


   Skills:
 + Level 12.8 Fighting
 - Level 3.5 Staves
 - Level 4.1 Ranged Weapons
 + Level 12.9 Dodging
 + Level 13.1 Unarmed Combat
 - Level 13.5 Invocations
 + Level 7.7 Evocations
 * Level 13.3 Shapeshifting


You had 15 spell levels left.
You didn't know any spells.
Your spell library contained the following spells:

 Spells                   Type           Power      Damage    Failure   Level
 Apportation              Tloc           0%         N/A       19%         1
 Freeze                   Ice            0%         1d3       19%         1
 Kiss of Death            Conj/Necr      0%         2d5       19%         1
 Necrotise                Necr           0%         1d4       19%         1
 Slow                     Hex            0%         N/A       19%         1
 Summon Small Mammal      Summ           0%         N/A       19%         1
 Blink                    Tloc           0%         N/A       28%         2
 Ensorcelled Hibernation  Hex/Ice        0%         N/A       28%         2
 Jinxbite                 Hex            0%         N/A       28%         2
 Lesser Beckoning         Tloc           0%         N/A       28%         2
 Momentum Strike          Conj/Tloc      0%         3d8       28%         2
 Confusing Touch          Hex            0%         N/A       50%         3
 Frozen Ramparts          Ice            0%         1d1       50%         3
 Hailstorm                Conj/Ice       0%         3d5       50%         3
 Ignite Poison            Fire/Tmut/Pois 0%         N/A       50%         3
 Inner Flame              Hex/Fire       0%         N/A       50%         3
 Sigil of Binding         Hex            0%         N/A       50%         3
 Tukima's Dance           Hex            0%         N/A       50%         3
 Vampiric Draining        Necr           0%         2d6       50%         3
 Anguish                  Hex/Necr       0%         N/A       88%         4
 Cause Fear               Hex            0%         N/A       88%         4
 Dimensional Bullseye     Hex/Tloc       0%         N/A       88%         4
 Dispel Undead            Necr           0%         3d6       88%         4
 Flame Wave               Conj/Fire      0%         2d4       88%         4
 Iskenderun's Mystic Bla  Conj/Tloc      0%         2d3       88%         4
 Sticky Flame             Conj/Fire      0%         2d3       88%         4
 Alistair's Intoxication  Tmut/Pois      0%         N/A       99%         5
 Fireball                 Conj/Fire      0%         3d3       99%         5
 Yara's Violent Unravell  Hex/Tmut       0%         3d3       99%         5
 Death Channel            Necr           0%         N/A       100%        6
 Enfeeble                 Hex            0%         N/A       100%        7
 Borgnjor's Revivificati  Necr           0%         N/A       100%        8
 Ignition                 Fire           0%         3d3       100%        8
 Dragon's Call            Summ           0%         N/A       100%        9


Dungeon Overview and Level Annotations

Branches:
Dungeon (15/15)            Temple (1/1) D:7            Lair (5/5) D:11
  Swamp (3/4) Lair:3        Snake (0/4) Lair:3        Slime (0/5) Lair:4
    Orc (2/2) D:10            Elf (0/3) Orc:2        Vaults (0/5) D:14
 Bailey (visited)
 Depths: D:15

Altars:
Ashenzari
Cheibriados
Dithmenos
Elyvilon
Fedhas
Gozag
Hepliaklqana
Kikubaaqudgha
Makhleb
Nemelex Xobeh
Okawaru
Qazlal
Ru
Sif Muna
Trog
Uskayaw
Vehumet
Wu Jian
Xom
Yredelemnul
Zin
The Shining One
Jiyva

Shops:
D:6 *==   D:13 (   Orc:2 ([*=

Portals:
Abyss: D:4

Annotations:
D:15 Jorgrun
Lair:4 1 runed translucent door
Swamp:2 1 runed translucent door, Iffuusoj's ghost, adept MiBe


Innate Abilities, Weirdness & Mutations

You are an enormous serpent.
You have a powerful constriction melee attack.
Your maximum health is increased.
Your armour is entirely melded.
You are incapable of wielding weapons or throwing items.
You cannot wear most types of armour.
You are amphibious.
You can wear up to eight rings at the same time.
((Your skin changes colour to match your surroundings (Stealth+).))
((Your rubbery body absorbs attacks. (AC +1, EV +1)))
((You are camouflaged when in or above water. (Stealth+)))
((You have tentacles for arms and can constrict up to eight enemies at once.))
You have supernaturally acute eyesight. (SInv)
You are somewhat resistant to further mutation.


Message History

The will-o-the-wisp conjures some marshlight! 2 foxfires come into view.
You regained 2 hp, and now have 48/139 hp.
The foxfire hits you! You resist.
* * * LOW HITPOINT WARNING * * *
The foxfire hits you! You resist.
* * * LOW HITPOINT WARNING * * *
You take 26 damage, and have 22/139 hp.
You enter the shallow water.
You barely miss the will-o-the-wisp.
You body-slam the will-o-the-wisp!!
The will-o-the-wisp is heavily damaged.
The will-o-the-wisp engulfs you.
* * * LOW HITPOINT WARNING * * *
The will-o-the-wisp gestures.
The will-o-the-wisp conjures some marshlight! 2 foxfires come into view.
You take 5 damage, and have 19/139 hp.
You feel much better. The foxfire hits you! You resist.
* * * LOW HITPOINT WARNING * * *
The will-o-the-wisp misses you.
You regained 10 hp, and now have 29/139 hp.
The foxfire hits you! You resist.
* * * LOW HITPOINT WARNING * * *
The will-o-the-wisp attacks as it pursues you!
The will-o-the-wisp engulfs you!
* * * LOW HITPOINT WARNING * * *
You take 19 damage, and have 10/139 hp.
The will-o-the-wisp attacks as it pursues you!
The will-o-the-wisp completely misses you.
The will-o-the-wisp gestures.
The will-o-the-wisp conjures some marshlight! 2 foxfires come into view.
There is a stone staircase leading up here.
The will-o-the-wisp gestures.
The will-o-the-wisp conjures some marshlight!
The will-o-the-wisp engulfs you! The Shining One protects you from harm!
The foxfire hits you! You resist.
You die...

~~.~~~~....♣♣~~~.♣
~..~~~~.~~~..~~~.♣
.~.~~~~~~~~.~~~.♣♣
...~~~~~~~.~~~~..♣
.~~~~~~§~~~~~~~~~♣♣
.~~~.v.~~~~§~~~~~.♣
♣.~...§~§.§§§§~~~.♣
♣~....).♣♣♣vv§§v§.♣♣♣
~~.~~~~♣♣
♣♣v.vvS~~~♣♣ ~~~~~.♣♣
♣♣.~~~~~~~~♣♣ .~~~..
♣.~~~..~~~.~♣ ..~~~~
♣§...♣♣~...♣♣
~~.~~.♣♣♣
♣...♣♣♣♣♣♣♣♣
§~.~§.♣~♣♣♣..♣♣
§..♣♣♣♣♣...~~.♣
♣.~.~~.♣ ♣~..~.~♣


You could see 2 will-o-the-wisps.

Vanquished Creatures
  Gastronok (Lair:2)
  Kirke (Lair:3)
  An orc warlord (Orc:2)
  2 ghouls (Swamp:2)
  A bunyip (Swamp:1)
  3 eleionomae
  An ettin (D:15)
  Josephine (D:14)
  A vault guard (D:14)
  11 hydras
  An ice dragon (Lair:5)
  A rakshasa (D:14)
  An ogre mage (D:10)
  2 alligators
  2 catoblepae
  6 centaur warriors
  A boulder beetle (D:13)
  An anaconda (Swamp:2)
  2 two-headed ogres (D:13)
  A tengu warrior (D:14)
  An orc high priest (Orc:2)
  Sonja (Lair:3)
  2 skysharks
  Amaemon (Lair:2)
  3 spriggan druids
  A death drake (Swamp:2)
  3 goliath frogs
  2 lindwurms (Lair:5)
  An arcanist (D:14)
  A swamp dragon (Swamp:2)
  A necromancer (D:15)
  An orc knight (Orc:2)
  2 deep elf pyromancers (D:14)
  2 manticores
  A will-o-the-wisp (Swamp:3)
  An ugly thing (D:13)
  6 orc sorcerers
  5 cyclopes
  3 kobold blastminers (Orc:1)
  An ice statue (Lair:5)
  An orange demon (Lair:2)
  22 elephants
  Joseph (D:8)
  2 black mambas
  2 gargoyles
  An unseen horror (shapeshifter) (D:15)
  2 unseen horror zombies (D:8)
  Jeremiah (D:7)
  Maggie (D:6)
  3 efreet
  16 cane toads
  2 kobold demonologists
  4 rime drakes
  A yaktaur (D:10)
  6 komodo dragons
  7 hornets
  A troll (shapeshifter) (D:13)
  A meliai (D:14)
  6 polar bears
  A troll (D:12)
  5 tyrant leeches
  25 blink frogs
  The ghost of bmj180 the Conjurer, an amateur HuCj (D:4)
  4 dream sheep (Lair:5)
  8 slime creatures
  2 shadows
  4 spriggans
  6 wraiths
  65 yaks
  Eustachio (D:5)
  A vampire (D:11)
  5 wyverns
  3 basilisks
  6 hogs (Lair:3)
  A steam dragon (D:9)
  8 vampire mosquitoes
  5 swamp worms
  3 nagas (Lair:3)
  4 wargs (Orc:2)
  15 water moccasins
  4 acid dragons
  Duvessa (D:7)
  A swamp drake (Swamp:1)
  4 black bears
  8 ice beasts
  3 sky beasts
  A hornet zombie (D:8)
  33 orc warriors
  A sky beast (shapeshifter) (D:13)
  4 ogres
  13 centaurs
  19 wolves
  A phantom (D:7)
  8 kobold brigands
  7 necrophages
  12 bullfrogs
  A wyvern zombie (D:8)
  A scorpion (D:5)
  2 small abominations (D:4)
  Dowan (D:7)
  8 wights
  A killer bee (D:9)
  4 howler monkeys
  3 electric eels (D:11)
  A crimson imp (D:4)
  A human zombie (D:8)
  2 jellies (D:5)
  22 orc priests
  A gnoll bouda (D:5)
  3 hounds
  5 iguanas
  3 sleepcaps
  25 orc wizards
  5 hell rats (Lair:3)
  A hound skeleton (D:6)
  A boggart simulacrum (D:14)
  A mummy (D:8)
  A howler monkey zombie (D:8)
  21 gnolls
  7 adders
  4 white imps
  2 ufetubi (D:5)
  A worm (D:3)
  2 dart slugs
  71 orcs
  5 bats
  5 endoplasms
  16 giant cockroaches
  10 goblins
  8 hobgoblins
  8 jackals
  21 kobolds
  9 quokkas
  12 ball pythons
  5 frilled lizards
  6 rats
  A spectral goblin (D:9)
760 creatures vanquished.

Vanquished Creatures (collateral kills)
  An orc warlord (Orc:1)
  An eleionoma (Swamp:1)
  2 hydras (Swamp:2)
  An alligator (Swamp:2)
  2 ghost crabs
  A two-headed ogre (D:12)
  A boulder beetle (Lair:1)
  2 orc high priests (Orc:2)
  2 goliath frogs (Swamp:2)
  3 orc knights
  A deep elf pyromancer (D:12)
  2 will-o-the-wisps (Swamp:2)
  An orc sorcerer (Orc:2)
  A black mamba (Swamp:2)
  2 tyrant leeches
  3 hornets
  4 slime creatures (D:12)
  3 spriggans
  A vampire mosquito (D:12)
  2 swamp worms (Swamp:2)
  2 water moccasins (Swamp:2)
  9 orc warriors
  7 orc priests
  7 orc wizards
  13 orcs (Orc:2)
74 creatures vanquished.

Vanquished Creatures (others)
  3 orcs (D:11)
  32 foxfires
35 creatures vanquished.

Grand Total: 869 creatures vanquished

Notes
Turn   | Place    | Note
-------+----------+-------------------------------------------
     0 | D:1      | Dirtsage the Octopode Shapeshifter began the quest for the
                  | Orb.
     0 | D:1      | Reached XP level 1. HP: 13/13 MP: 1/1
    27 | D:1      | Reached XP level 2. HP: 4/18 MP: 2/2
   236 | D:1      | Reached XP level 3. HP: 13/23 MP: 3/3
  1124 | D:2      | Identified the +12 sling "Kaivuy" {flame, rPois rF+ rCorr}
  1218 | D:2      | Reached XP level 4. HP: 28/28 MP: 4/4
  1611 | D:3      | Reached XP level 5. HP: 28/33 MP: 5/5
  1636 | D:3      | Found a white marble altar of Elyvilon.
  1690 | D:3      | Became a worshipper of Elyvilon the Healer
  1941 | D:3      | Found a radiant altar of Vehumet.
  1941 | D:3      | Found a sacrificial altar of Ru.
  1958 | D:3      | Found a faded altar of an unknown god.
  1960 | D:3      | Found a faded altar of an unknown god.
  1962 | D:3      | Found a shadowy altar of Dithmenos.
  2366 | D:3      | Reached * piety under Elyvilon
  2469 | D:4      | Reached skill level 1 in Ranged Weapons
  2473 | D:4      | Reached XP level 6. HP: 39/39 MP: 6/6
  2768 | D:4      | Found a shimmering blue altar of Sif Muna.
  3041 | D:4      | Found a bloodstained altar of Trog.
  3055 | D:4      | Found a transporter.
  3058 | D:4      | Noticed a small abomination
  3077 | D:4      | Found a transporter.
  3081 | D:4      | Reached ** piety under Elyvilon
  3259 | D:5      | Entered Level 5 of the Dungeon
  3314 | D:5      | Noticed Eustachio
  3315 | D:5      | Reached XP level 7. HP: 45/45 MP: 7/7
  3337 | D:5      | Killed Eustachio
  3369 | D:5      | Identified the +2 robe "Idux" {rElec}
  3395 | D:5      | Found a glowing silver altar of Zin.
  3396 | D:5      | Noticed an angel
  3478 | D:5      | Found an iron altar of Okawaru.
  3478 | D:5      | Found a runed translucent door.
  3488 | D:5      | Found the +0 toga "Victory" {*Victory Clar}
  3942 | D:6      | Found Paghel's Jewellery Boutique.
  3985 | D:6      | Reached XP level 8. HP: 52/52 MP: 8/8
  3999 | D:6      | Reached skill level 5 in Shapeshifting
  4005 | D:6      | Found Uroishenga's Jewellery Shop.
  4026 | D:6      | Noticed Maggie
  4033 | D:6      | Killed Maggie
  4082 | D:6      | Got Cadaxeng's Disquisition on Ghastly Shaping
  4100 | D:6      | Found Kyeshrost's Assorted Antiques.
  4111 | D:6      | Bought a scroll labelled QEFEBA TETZEU for 21 gold pieces
  4111 | D:6      | Bought a scroll labelled ICAHIJ ELUYHO for 21 gold pieces
  4133 | D:6      | Reached *** piety under Elyvilon
  4258 | D:6      | Found a burning altar of Makhleb.
  4548 | D:6      | Reached XP level 9. HP: 57/57 MP: 9/9
  4668 | D:6      | Identified the +2 pair of gloves of Qiokuqoa {rF- rC- Dex+8
                  | Stlth+}
  4724 | D:7      | Noticed Dowan
  4726 | D:7      | Killed Dowan
  4726 | D:7      | Noticed Duvessa
  4730 | D:7      | Noticed Jeremiah
  4731 | D:7      | Killed Duvessa
  4741 | D:7      | Killed Jeremiah
  4836 | D:7      | Found a staircase to the Ecumenical Temple.
  4846 | Temple   | Entered the Ecumenical Temple
  4864 | Temple   | Fell from the grace of Elyvilon
  4864 | Temple   | Became a worshipper of the Shining One
  4864 | Temple   | Reached * piety under the Shining One
  4894 | D:7      | Reached skill level 10 in Shapeshifting
  4931 | D:7      | Found a flagged portal.
  4944 | Bailey   | Entered a bailey
  4979 | Bailey   | Reached skill level 1 in Invocations
  5051 | Bailey   | Reached ** piety under the Shining One
  5062 | Bailey   | HP: 2/58 [orc warrior/+0 war axe (18)]
  5064 | Bailey   | Reached skill level 5 in Unarmed Combat
  5131 | Bailey   | Reached XP level 10. HP: 64/64 MP: 11/11
  5180 | Bailey   | Found a burning altar of Makhleb.
  5315 | D:6      | Bought a +5 ring of evasion for 396 gold pieces
  5315 | D:6      | Bought a serpent talisman for 330 gold pieces
  5315 | D:6      | Bought a ring of resist corrosion for 220 gold pieces
  5598 | D:7      | Found a broken altar of Ashenzari.
  5831 | D:8      | Identified a scroll of acquirement
  5831 | D:8      | Acquired 565 gold pieces
  5856 | D:6      | Bought a ring of flight for 227 gold pieces
  5856 | D:6      | Bought a ring of protection from cold for 325 gold pieces
  5924 | D:8      | Reached skill level 5 in Dodging
  5981 | D:8      | Found a snail-covered altar of Cheibriados.
  6073 | D:8      | Reached skill level 1 in Staves
  6109 | D:8      | Reached skill level 5 in Fighting
  6121 | D:8      | Found a basalt altar of Yredelemnul.
  6143 | D:8      | Reached *** piety under the Shining One
  6455 | D:8      | Noticed Joseph
  6464 | D:8      | Killed Joseph
  6651 | D:9      | Found a hazy altar of Hepliaklqana.
  6682 | D:9      | Identified the ring "Monnytag" {rElec Int+6}
  6759 | D:9      | Reached XP level 11. HP: 72/72 MP: 14/14
  6871 | D:9      | Reached **** piety under the Shining One
  6992 | D:9      | Reached skill level 5 in Invocations
  7445 | D:10     | Entered Level 10 of the Dungeon
  7874 | D:10     | Found a staircase to the Orcish Mines.
  8193 | D:10     | Noticed an ogre mage
  8233 | D:10     | Paralysed by an ogre mage for 5 turns
  8242 | D:10     | Killed an ogre mage
  8458 | D:11     | Noticed a cyclops
  8551 | D:11     | Found a staircase to the Lair.
  8560 | Lair:1   | Entered Level 1 of the Lair of Beasts
  8620 | Lair:1   | Reached XP level 12. HP: 81/81 MP: 16/16
  8728 | Lair:1   | Noticed a boulder beetle
  8749 | Lair:1   | Gained mutation: You are partially covered in large bone
                  | plates. (SH +4) [potion of mutation]
  8749 | Lair:1   | Gained mutation: You have supernaturally acute eyesight.
                  | (SInv) [potion of mutation]
  8749 | Lair:1   | Lost mutation: You are partially covered in large bone
                  | plates. (SH +4) [potion of mutation]
  8749 | Lair:1   | Gained mutation: You are somewhat resistant to further
                  | mutation. [potion of mutation]
  8749 | Lair:1   | HP: 4/121 [boulder beetle (16)]
  8751 | Lair:1   | Killed a boulder beetle
  9589 | Lair:2   | Identified the blade talisman of Lust {rCorr}
  9866 | Lair:2   | Noticed Amaemon
  9887 | Lair:2   | Killed Amaemon
 10230 | Lair:2   | Noticed Gastronok
 10258 | Lair:2   | Noticed a skyshark
 10260 | Lair:2   | Killed Gastronok
 10261 | Lair:2   | Reached skill level 10 in Unarmed Combat
 10330 | Lair:2   | Killed a skyshark
 10448 | Lair:2   | Identified the +0 spear of Bodily Harmony {venom, rF+}
 10669 | Lair:2   | Reached XP level 13. HP: 88/88 MP: 19/19
 10935 | Lair:3   | Reached ***** piety under the Shining One
 11041 | Lair:3   | Noticed Kirke
 11142 | Lair:3   | Killed Kirke
 11237 | Lair:3   | Found a staircase to the Snake Pit.
 11280 | Lair:3   | Noticed Sonja
 11283 | Lair:3   | Killed Sonja
 11688 | Lair:3   | Found a staircase to the Swamp.
 12099 | Lair:4   | Reached skill level 10 in Invocations
 12197 | Lair:4   | Found a runed translucent door.
 12574 | Lair:4   | Found the +8 pair of quick blades "Gyre" and "Gimble"
                  | {protect}
 12900 | Lair:4   | Found a viscous altar of Jiyva.
 12901 | Lair:4   | Noticed an acid blob
 12905 | Lair:4   | Found a staircase to the Slime Pits.
 12905 | Lair:4   | Noticed an acid blob
 12943 | Lair:5   | Entered Level 5 of the Lair of Beasts
 13053 | Lair:5   | Noticed an ice dragon
 13057 | Lair:5   | HP: 1/108 [ice beast (6)]
 13062 | Lair:5   | HP: 4/108 [white imp/puff of frost (3)]
 13078 | Lair:5   | The Shining One protects you from harm!
 13079 | Lair:5   | Reached XP level 14. HP: 31/97 MP: 22/22
 13083 | Lair:5   | HP: 1/145 [cane toad (28)]
 13148 | Lair:5   | Reached skill level 10 in Dodging
 13212 | Lair:5   | Reached skill level 10 in Fighting
 13801 | Lair:5   | HP: 2/118 [six-headed hydra (9)]
 14253 | Lair:5   | Reached skill level 1 in Evocations
 14536 | Lair:5   | Identified the ring of Faxoich {Contam rPois rN+ Int+8
                  | Dex-3}
 14839 | D:11     | Reached XP level 15. HP: 105/105 MP: 25/25
 15546 | D:4      | Noticed bmj180's ghost (amateur HuCj)
 15547 | D:4      | Found a one-way gate to the infinite horrors of the Abyss.
 15557 | D:4      | Killed bmj180's ghost
 15638 | D:6      | Bought a ring of protection from cold for 325 gold pieces
 15638 | D:6      | Bought a ring of fire for 325 gold pieces
 16579 | D:13     | Reached ****** piety under the Shining One
 16661 | D:13     | Found Zeicif's Antique Weapon Shop.
 17226 | D:14     | Found a shimmering blue altar of Sif Muna.
 17354 | D:14     | Found a gate to the Vaults.
 17653 | D:14     | Noticed Josephine
 17661 | D:14     | Killed Josephine
 17662 | D:14     | Reached skill level 5 in Evocations
 17829 | D:15     | Entered Level 15 of the Dungeon
 17918 | D:15     | Noticed Jorgrun
 18086 | Orc:1    | Entered Level 1 of the Orcish Mines
 18087 | Orc:1    | Noticed an orc warlord
 18118 | Orc:1    | Killed an orc warlord
 18438 | Orc:2    | Entered Level 2 of the Orcish Mines
 18635 | Orc:2    | Found a staircase to the Elven Halls.
 18758 | Orc:2    | Reached XP level 16. HP: 114/114 MP: 16/26
 18814 | Orc:2    | The Shining One protects you from harm!
 19238 | Orc:2    | Found Geit's General Store.
 19239 | Orc:2    | Found Vigooc's Jewellery Boutique.
 19241 | Orc:2    | Found Xuqareddu's Antique Armour Shop.
 19241 | Orc:2    | Found Nuuryij's Antique Weapon Shop.
 19246 | Orc:2    | Bought a scroll of teleportation for 33 gold pieces
 19246 | Orc:2    | Bought a scroll of teleportation for 33 gold pieces
 19246 | Orc:2    | Bought a potion of curing for 33 gold pieces
 19268 | Orc:2    | Bought the ring "Pizal" {Will+ Str+2} for 506 gold pieces
 19906 | Swamp:1  | Entered Level 1 of the Swamp
 20836 | Swamp:2  | Found a runed translucent door.
 21308 | Swamp:2  | Noticed Iffuusoj's ghost (adept MiBe)
 21533 | Swamp:3  | The Shining One protects you from harm!
 21533 | Swamp:3  | Killed from afar by a will-o-the-wisp

Illustrated notes

Levels and vault maps discovered:
D:1:      doesnt_arrival_eight_statues, layout_loops_cross,
          kennysheep_crisscross
D:2:      minmay_roachtagon, layout_basic, serial_glass, glass_columns_b,
          glass_columns_a, palyth_stone_intersect
D:3:      minmay_spotlight, layout_loops_cross,
          chequers_temple_overflow_minitemple, mainiacjoe_overflow_alcove_1,
          grunt_ministairs_3, minmay_increasing_density
D:4:      layout_loops_cross, mainiacjoe_overflow_cross_hatched,
          trog_three_pillars_becter, gammafunk_ghost_abyssal_escape, st_stairs_4
D:5:      layout_loops_ring, zin_angel,
          nicolae_overflow_guarded_unrand_okawaru_victory,
          serial_library_hellmonk_double_dead_end, uniq_eustachio
D:6:      layout_gridville, makhleb_blood_cavern_becter, serial_shops,
          nicolae_shop_trees, shop, nicolae_diamond_shop,
          kennysheep_cross_bottleneck, uniq_maggie
D:7:      layout_basic, lemuel_doored_altar, minmay_temple_entry_large_hall,
          enter_bailey_7, nicolae_houndstooth_variations, uniq_duvessa,
          uniq_jeremiah
D:8:      layout_rooms, lemuel_mausoleum_altar_yredelemnul, cheibriados_altar_1,
          uniq_joseph
D:9:      layout_loops_ring, nicolae_hepliaklqana_monster_ancestors,
          minmay_fractal_squares_gapless_5
D:10:     layout_big_octagon, orc_0_dummy, serial_column_ruins,
          column_ruins_corridor_straight, column_ruins_grid_1,
          column_ruins_grid_3, column_ruins_columns_straight,
          column_ruins_open_tiny, st_stairs_6, grunt_decor_cap,
          minmay_door_square, grunt_tough_drop
D:11:     layout_cave_pools, lair_entry_dummy, corner_web_ring,
          serial_bayou_lake_a
D:12:     layout_long_grid, nicolae_tricolors
D:13:     layout_roguey, serial_shops, shop, grunt_ministairs_9
D:14:     layout_basic, david_vaults_5, nicolae_sif_muna_condensation,
          uniq_josephine
D:15:     hangedman_depths_entry_civil_slaughter, layout_basic,
          nicolae_kite_square_tiling_tiny, uniq_jorgrun
Temple:   hellmonk_temple_forest_ring
Lair:1:   layout_regular_city
Lair:2:   layout_layer_cave, roderic_carrion_pond, uniq_amaemon, uniq_gastronok
Lair:3:   layout_cave_pods, mainiacjoe_swamp_entry_angry_trees,
          minmay_snake_entry_guardpost_small,
          eino_small_chamber_without_monster, uniq_sonja, uniq_kirke
Lair:4:   layout_small_grid, slime_entry_2
Lair:5:   minmay_lair_end_frog_pond, layout_loops_ring, ice2_lemuel
Swamp:1:  layout_basic_swamp, evilmike_swamp_ruin_house_2,
          nicolae_swamp_decorative_isthmus
Swamp:2:  layout_falls_marsh, ebering_ghost_inner_flame,
          nicolae_swamp_stair_fork, swamp_pool_4, nicolae_swamp_snake_nest
Swamp:3:  layout_basic_swamp, nicolae_swamp_small_spring, hangedman_swamp_grove
Orc:1:    layout_caves
Orc:2:    st_orc_congregation, layout_diamond_mine

Skill      XL: |  1  2  3  4  5  6  7  8  9 10 11 12 13 14 15 16 |
---------------+-------------------------------------------------+-----
Shapeshifting  | 4 8 10 11 12 13 | 13.3
Fighting       | 2 3 4 5 7 8 9 10 12 | 12.8
Ranged Weapons | 1 2 4 |  4.1
Dodging        | 3 4 5 7 8 9 11 12 | 12.9
Unarmed Combat | 4 5 6 8 10 11 12 13 | 13.1
Invocations    | 2 4 6 8 11 13 | 13.5
Staves         | 2 3 |  3.5
Evocations     | 2 5 7 |  7.7

Action                     |  1- 3 |  4- 6 |  7- 9 | 10-12 | 13-15 | 16-18 || total
---------------------------+-------+-------+-------+-------+-------+-------++-------
  Melee: Unarmed           |    66 |    31 |    10 |   566 |   880 |   247 ||  1800
         Constrict         |    16 |    10 |     3 |   139 |   180 |    67 ||   415
         Punch             |     4 |     1 |       |       |       |       ||     5
         Tentacles         |     7 |     8 |     3 |       |       |       ||    18
   Fire: Sling             |     3 |   112 |   153 |    10 |    60 |       ||   338
 Invoke: Divine Shield     |       |       |       |     4 |     1 |     1 ||     6
         Summon Divine War |       |       |       |       |     6 |     2 ||     8
         Cleansing Flame   |       |       |       |       |     3 |       ||     3
  Evoke: Wand              |       |       |       |     7 |    15 |     7 ||    29
         Phial of floods   |       |       |       |     1 |       |       ||     1
    Use: Scroll            |       |       |     7 |     9 |    22 |     2 ||    40
         Potion            |       |       |       |     5 |    10 |     3 ||    18
   Stab: Sleeping          |    11 |       |       |       |       |       ||    11
 Armour: Skin              |    17 |    21 |    18 |   236 |   701 |   174 ||  1167
  Dodge: Dodged            |    30 |    28 |    29 |   334 |   837 |   238 ||  1496
  Block: Other             |       |       |       |    10 |     6 |     5 ||    21
   Form: Serpent           |       |       |       |     1 |       |       ||     1
         Beast             |       |       |       |     1 |       |       ||     1
         Flux              |       |       |       |     1 |       |       ||     1

Table legend: (Time is in decaauts)
 A = Elapsed time spent in this place.
 B = Non-inter-level travel time spent in this place.
 C = Inter-level travel time spent in this place.
 D = Time resting spent in this place.
 E = Time spent auto-exploring this place.
 F = Levels seen in this place.
 G = Mean time per level.
                   A        B        C        D        E       F      G
               +--------+--------+--------+--------+--------+-----+--------+
         Total |  21321 |  19660 |   1661 |    473 |  14046 |  27 |  789.7 |
       Dungeon |  11542 |  10464 |   1078 |    226 |   7796 |  15 |  769.5 |
        Temple |     36 |      2 |     34 |      0 |      0 |   1 |   36.0 |
          Lair |   6240 |   5842 |    398 |    205 |   4000 |   5 | 1248.0 |
         Swamp |   1593 |   1551 |     42 |      0 |   1150 |   3 |  531.0 |
  Orcish Mines |   1592 |   1485 |    107 |     42 |    966 |   2 |  796.0 |
        Bailey |    316 |    316 |      0 |      0 |    133 |   1 |  316.0 |
               +--------+--------+--------+--------+--------+-----+--------+

Top non-repeatable levels by time:
  Lair:5: 1617 daAuts
  Lair:2: 1380 daAuts
  Lair:3: 1248 daAuts
     D:3: 1065 daAuts
   Orc:2: 1014 daAuts
  Lair:1: 1005 daAuts
  Lair:4: 988 daAuts
    D:10: 973 daAuts
     D:9: 946 daAuts
    D:14: 938 daAuts
     D:6: 847 daAuts
 Swamp:2: 820 daAuts
     D:2: 817 daAuts
     D:4: 804 daAuts
     D:8: 792 daAuts
